 Dungeon Crawl Stone Soup version 0.30-a0-782-ge64f9170bb (webtiles) character file.

Game seed: 1742100886670466140

46 Barriton the Insei (level 3, 0/28 HPs)
             Began as a Draconian Transmuter on Mar 9, 2023.
             Slain by Ijyb
             ... wielding a +0 club
              (2 damage)
             ... on level 3 of the Dungeon.
             The game lasted 00:02:39 (1682 turns).

Barriton the Insei (Draconian Transmuter)           Turns: 1682, Time: 00:02:39

Health: 0/28       AC:  5    Str: 12    XL:     3   Next: 46%
Magic:  4/6        EV: 12    Int: 13    God:
Gold:   127        SH:  0    Dex: 13    Spells: 4/7 levels left

rFire   . . .      SeeInvis .      - Unarmed
rCold   . . .      Faith    .    (no shield)
rNeg    + . .      Spirit   .    (body armour unavailable)
rPois   .          Reflect  .    (helmet restricted)
rElec   .          Harm     .    (no cloak)
rCorr   .          Rampage  .    (no gloves)
Will    .....                    (no boots)
Stlth   +                        (no amulet)
HPRegen 0.24/turn                d - ring of positive energy
MPRegen 0.10/turn                (no ring)

@: wereblooded
A: AC +5, unfitting armour, cold-blooded
a: no special abilities


You were on level 3 of the Dungeon.
You visited 1 branch of the dungeon, and saw 3 of its levels.

You collected 127 gold pieces.

Inventory:

Jewellery
 d - a ring of positive energy (left hand)
 e - an amulet of faith
Scrolls
 h - a scroll of immolation {unknown}
 i - a scroll of teleportation
 k - a scroll of enchant armour {unknown}
 l - 2 scrolls of identify {unknown}
Potions
 a - a potion of lignification
 b - a potion of curing {unknown}
 c - a potion of cancellation {unknown}
 f - a potion of haste {unknown}
 g - a potion of magic {unknown}
 j - a potion of attraction {unknown}


   Skills:
 + Level 1.1 Fighting
 + Level 2.0 Dodging
 + Level 3.6 Unarmed Combat
 + Level 2.6 Spellcasting
 + Level 2.5 Transmutations


You had 4 spell levels left.
You knew the following spells:

 Your Spells              Type           Power      Damage    Failure   Level
a - Beastly Appendage     Tmut           16%        N/A       9%          1
b - Wereblood             Tmut           8%         N/A       13%         2

Your spell library contained the following spells:

 Spells                   Type           Power      Damage    Failure   Level
 Spider Form              Tmut/Pois      5%         N/A       38%         3
 Inner Flame              Hex/Fire       1%         N/A       58%         3
 Ice Form                 Ice/Tmut       5%         N/A       80%         4
 Flame Wave               Conj/Fire      1%         2d4       94%         4
 Sticky Flame             Conj/Fire      1%         2d3       94%         4


Dungeon Overview and Level Annotations

Branches:
Dungeon (3/15)

Altars:

Shops:
D:1 ?

Annotations:
D:3 Ijyb


Innate Abilities, Weirdness & Mutations

Your plain brown scales are hard. (AC +5)
You cannot fit into any form of body armour.
You are cold-blooded and may be slowed by cold attacks.


Message History

You feel sick. The adder barely misses you.
You hit the adder. Your kick misses the adder. You headbutt the adder.
You feel a bit better.
You kill the adder!
You feel sick.
You hit the goblin. Your kick misses the goblin.
The goblin is moderately wounded.
You feel sick.
You hit the goblin.
You feel a bit better.
You kill the goblin!
You feel sick.
You are no longer poisoned.
Ijyb zaps a wand.
You barely resist.
You hear an angry hiss.
You closely miss Ijyb. You headbutt Ijyb!
Ijyb is moderately wounded.
You closely miss Ijyb. Your kick misses Ijyb. Your headbutt misses Ijyb.
Ijyb is moderately wounded.
Ijyb zaps a wand.
Your mind is blasted!
Ouch! That really hurt!
* * * LOW HITPOINT WARNING * * *
The now-empty wand crumbles to dust.
You hit Ijyb but do no damage. You claw Ijyb, but do no damage.
You headbutt Ijyb, but do no damage.
Ijyb is moderately wounded.
Ijyb hits you with a +0 club.
* * * LOW HITPOINT WARNING * * *
You hit Ijyb. Your kick misses Ijyb. You headbutt Ijyb.
Your tail-slap misses Ijyb.
Ijyb is heavily wounded.
Ijyb misses you.
You completely miss Ijyb.
Your tail-slap misses Ijyb.
Ijyb is heavily wounded.
Your horns disappear.
Your talons disappear.
Ijyb barely misses you. The ball python closely misses you. x2
Unknown command.
You hit the ball python.
You feel a bit better.
You kill the ball python!
Ijyb hits you with a +0 club.
You die...

#............
#............
#............
#..........
..#........ .........#
#....# #####
#.##g##########...# ..
#†@)...##....<..#
###...####....####.##
.............#####..#
..............###..###
.#.########..........#
#. #..........# .
#.......)..#
.........######
#<.........#
..............##
##.##.######


You could see Ijyb.

Vanquished Creatures
  An adder (D:3)
  A dart slug (D:3)
  3 ball pythons
  An endoplasm (D:1)
  2 giant cockroaches
  4 goblins
  3 hobgoblins
  5 quokkas
  6 bats
  3 frilled lizards (D:1)
  2 kobolds (D:1)
  A rat (D:1)
32 creatures vanquished.

Notes
Turn   | Place    | Note
-------+----------+-------------------------------------------
     0 | D:1      | Barriton the Draconian Transmuter began the quest for the
                  | Orb.
     0 | D:1      | Reached XP level 1. HP: 16/16 MP: 3/3
   205 | D:1      | Found Dymuy's Magic Scroll Emporium.
   412 | D:1      | Reached XP level 2. HP: 17/23 MP: 3/5
   418 | D:1      | Learned a level 2 spell: Wereblood
  1506 | D:3      | Reached XP level 3. HP: 28/28 MP: 4/6
  1661 | D:3      | Noticed Ijyb
  1679 | D:3      | HP: 1/28 [Ijyb/+0 club (5)]
  1682 | D:3      | Slain by Ijyb

Illustrated notes

Levels and vault maps discovered:
D:1:      lightli_arrival_noodles, layout_loops_ring, serial_shops,
          nicolae_shop_trees, serial_bayou_lake_a
D:2:      layout_basic
D:3:      layout_rooms, uniq_terence, uniq_crazy_yiuf_cottage, uniq_ijyb

Skill      XL: |  1  2  3 |
---------------+----------+-----
Dodging        | 2 |  2.0
Fighting       | |  1.1
Unarmed Combat | |  3.6
Spellcasting   | |  2.6
Transmutations | |  2.5

Action                     || total
---------------------------++-------
  Melee: Unarmed           ||    81
         Kick              ||    16
         Tailslap          ||     7
         Headbutt          ||    13
         Punch             ||     1
   Cast: Beastly Appendage ||    28
         Wereblood         ||     1
    Use: Scroll            ||     3
   Stab: Sleeping          ||     1
 Armour: Skin              ||    26
  Dodge: Dodged            ||    62

Table legend: (Time is in decaauts)
 A = Elapsed time spent in this place.
 B = Non-inter-level travel time spent in this place.
 C = Inter-level travel time spent in this place.
 D = Time resting spent in this place.
 E = Time spent auto-exploring this place.
 F = Levels seen in this place.
 G = Mean time per level.
                   A        B        C        D        E       F      G
               +--------+--------+--------+--------+--------+-----+--------+
         Total |   1708 |   1671 |     37 |      0 |   1438 |   3 |  569.3 |
       Dungeon |   1708 |   1671 |     37 |      0 |   1438 |   3 |  569.3 |
               +--------+--------+--------+--------+--------+-----+--------+

Top non-repeatable levels by time:
     D:1: 825 daAuts
     D:2: 682 daAuts
     D:3: 201 daAuts
